Map: Terrasses de Prion

Players

Worming - Winner!

  • Race: Zerg Zerg
  • League: Platinum

RapidBadger

  • Race: Protoss Protoss

VOD

Have the link to the VOD?

Description

Time

  • Played on: Nov. 11, 2015, 11:07 a.m.
  • Length: 20:22
Show
View Real Time Build Order
Export as new Build Order

Worming Zerg - Winner!

Build Orders: Hatch First, Lurkers 

Get SALT Encoding   

  12  0:01  Drone  
  13  0:15  Overlord  
  13  0:17  Drone  
  14  0:33  Drone x2  
  16  0:38  Drone  
  17  0:49  Drone  
  18  1:02  Drone  
  19  1:08  Hatchery  
  18  1:17  Spawning Pool  
  17  1:19  Drone  
  18  1:55  Overlord  
  18  2:06  Queen  
  20  2:09  Zergling x4  
  22  2:17  Extractor  
  21  2:23  Drone  
  21  2:29  Queen  
  24  2:37  Hatchery  
  24  2:41  Drone x2  
  25  2:53  Drone x3  
  25  2:54  Drone x2  
  30  3:03  Queen  
  32  3:09  Overlord  
  30  3:46  Drone x6  
  36  3:50  Roach Warren  
  36  3:51  Extractor  
  36  3:52  Extractor  
  36  3:53  Drone  
  36  3:54  Drone  
  35  4:02  Queen x2  
  35  4:20  Drone  
  35  4:21  Drone x3  
  35  4:22  Drone x2  
  41  4:28  Overlord x2  
  41  4:56  Drone x3  
  41  4:58  Drone x6  
  50  5:02  Lair  
  50  5:04  Zergling x2  
  50  5:05  Zergling x2  
  52  5:07  Drone x3  
  55  5:26  Metabolic Boost  
  55  5:28  Drone  
  55  5:29  Drone  
  55  5:31  Overlord x4  
  56  5:57  Roach  
  56  5:58  Roach x9  
  56  6:02  Spire  
  56  6:03  Drone x3, Extractor  
  77  6:04  Extractor  
  77  6:05  Extractor  
  77  6:07  Drone x3  
  77  6:09  Drone x2  
  77  6:10  Drone x2  
  82  6:21  Hatchery  
  82  6:29  Hydralisk Den  
  81  6:38  Overlord x3  
  81  6:39  Overlord x2  
  81  6:42  Glial Reconstitution  
  81  6:48  Evolution Chamber  
  81  6:49  Drone  
  81  6:52  Evolution Chamber  
  80  6:55  Drone  
  80  6:59  Drone x3  
  80  7:00  Drone x2  
  86  7:02  Muscular Augments  
  86  7:03  Hydralisk  
  86  7:04  Hydralisk x5  
  98  7:09  Overseer  
  98  7:24  Zerg Missile Weapons Level 1, Hatchery  
  98  7:25  Zerg Ground Armor Level 1  
  98  7:27  Drone x2  
  99  7:42  Infestation Pit  
  98  7:48  Drone x6  
  98  7:49  Overlord x3  
  98  7:50  Roach  
  114  7:51  Roach x4  
  114  7:55  Overseer  
  114  7:57  Hydralisk  
  116  7:59  Pneumatized Carapace  
  116  8:04  Ravager  
  116  8:05  Ravager x6  
  123  8:13  Zergling x18  
  123  8:18  Zergling x2  
  104  8:39  Hydralisk x5  
  104  8:40  Zergling x4  
  104  8:41  Zergling x14  
  94  8:49  Hydralisk x2  
  94  8:50  Roach x2  
  102  9:00  Hydralisk x2  
  102  9:01  Hydralisk x5  
  109  9:16  Lurker Den  
  104  9:19  Roach  
  104  9:20  Roach x8  
  119  9:29  Zergling x2, Roach x2  
  119  9:30  Zergling x8  
  113  9:43  Queen  
  117  9:48  Hive  
  115  9:53  Drone x2  
  111  10:26  Zerg Missile Weapons Level 2, Zerg Ground Armor Level 2  
  109  10:33  Drone x3  
  109  10:35  Extractor  
  111  10:36  Extractor  
  111  10:38  Spire  
  109  10:49  Lurker x2  
  112  10:50  Lurker x3  
  112  10:51  Zergling x2  
  112  10:52  Zergling x28  
  129  11:11  Overseer  
  114  11:36  Hydralisk  
  114  11:37  Hydralisk x13  
  125  11:43  Zergling x2  
  125  11:44  Zergling x20  
  127  11:54  Drone x3  
  126  12:19  Zergling x2  
  126  12:20  Zergling x22  
  138  12:34  Hatchery  
  102  12:51  Hydralisk  
  102  12:52  Hydralisk x7  
  102  12:53  Zergling x22  
  102  12:54  Zergling x6  
  115  13:11  Hydralisk x3  
  115  13:12  Roach x2, Hydralisk x2  
  125  13:13  Roach x2  
  121  13:21  Zerg Missile Weapons Level 3  
  121  13:22  Zerg Ground Armor Level 3  
  121  13:36  Zerg Flyer Weapons Level 1  
  121  13:43  Zergling x2  
  121  13:44  Zergling x2, Extractor  
  121  13:47  Extractor  
  121  13:48  Lurker  
  122  13:49  Lurker x4  
  122  13:50  Hydralisk x4  
  122  13:51  Zergling x2  
  122  13:52  Zergling x10, Overlord  
  122  13:53  Overlord x3  
  140  13:59  Overlord x3  
  140  14:28  Drone x3  
  140  14:29  Drone x2  
  134  14:40  Hatchery  
  133  14:48  Zergling x2  
  133  14:50  Zergling x2  
  133  14:51  Overlord  
  133  14:52  Overlord  
  135  14:53  Overlord  
  135  15:00  Ultralisk Cavern, Adrenal Glands  
  112  15:19  Roach, Hydralisk x4  
  112  15:20  Roach x5, Hydralisk x4  
  112  15:21  Roach x3, Hydralisk  
  119  15:29  Roach x3  
  119  15:30  Roach x4  
  119  15:31  Lurker  
  119  15:32  Lurker x2  
  136  15:59  Zerg Melee Weapons Level 1  
  118  16:28  Hydralisk  
  118  16:29  Roach x2, Hydralisk x5  
  118  16:30  Roach x5, Hydralisk x2  
  118  16:31  Roach x2  
  126  16:55  Ravager  
  126  16:56  Ravager x2  
  126  16:59  Roach x4  
  126  17:00  Roach  
  139  17:11  Chitinous Plating  
  139  17:13  Hatchery  
  139  17:15  Ravager x2  
  139  17:16  Ravager x4  
  141  17:40  Lurker x2  
  141  17:41  Roach  
  141  17:42  Roach x4  
  153  18:03  Roach, Hydralisk  
  153  18:04  Roach x8, Hydralisk x7  
  172  18:50  Roach x7  
  186  18:56  Zergling x10  
  186  18:57  Ultralisk  
  172  19:24  Overseer x4  
  165  19:35  Hydralisk  
  165  19:36  Roach x2, Hydralisk x3  
  165  19:37  Roach x2  
Show
View Real Time Build Order
Export as new Build Order

RapidBadger Protoss 

Build Orders: Cannon Rush 

Get SALT Encoding   

  12  0:03  Probe (Chrono Boost)  
  13  0:13  Probe (Chrono Boost)  
  14  0:18  Pylon  
  14  0:24  Probe (Chrono Boost)  
  15  0:36  Probe (Chrono Boost)  
  15  0:41  Forge  
  16  0:47  Probe (Chrono Boost)  
  17  0:57  Probe (Chrono Boost)  
  17  1:00  Gateway  
  18  1:04  Assimilator  
  18  1:08  Probe (Chrono Boost)  
  19  1:19  Probe (Chrono Boost)  
  19  1:21  Pylon  
  20  1:41  Photon Cannon  
  20  1:42  Photon Cannon  
  20  1:44  Photon Cannon  
  20  1:54  Cybernetics Core  
  19  2:11  Pylon  
  19  2:18  Probe (Chrono Boost)  
  19  2:20  Nexus  
  19  2:22  Assimilator  
  20  2:29  Probe (Chrono Boost)  
  21  2:31  Adept (Chrono Boost)  
  23  2:44  Probe (Chrono Boost)  
  24  2:46  Pylon  
  24  2:55  Mothership Core  
  24  2:58  Adept (Chrono Boost)  
  28  3:09  Photon Cannon  
  28  3:22  Stalker (Chrono Boost)  
  30  3:40  Probe (Chrono Boost)  
  31  3:41  Probe (Chrono Boost)  
  32  3:52  Probe x2 (Chrono Boost), Robotics Facility  
  34  3:57  Stargate  
  34  4:02  Probe (Chrono Boost)  
  35  4:03  Probe (Chrono Boost)  
  34  4:24  Protoss Ground Weapons Level 1  
  34  4:26  Probe (Chrono Boost)  
  34  4:27  Probe (Chrono Boost)  
  34  4:31  Assimilator  
  36  4:32  Assimilator  
  36  4:37  Probe (Chrono Boost)  
  36  4:38  Probe (Chrono Boost)  
  38  4:42  Immortal  
  42  4:47  Phoenix  
  42  4:48  Probe (Chrono Boost)  
  45  4:53  Warp Gate  
  45  4:55  Probe (Chrono Boost)  
  45  4:59  Probe (Chrono Boost)  
  47  5:06  Probe (Chrono Boost)  
  48  5:09  Probe (Chrono Boost)  
  48  5:10  Pylon  
  48  5:13  Pylon  
  49  5:16  Probe (Chrono Boost)  
  49  5:20  Probe (Chrono Boost)  
  51  5:28  Immortal  
  55  5:30  Phoenix  
  57  5:36  Probe (Chrono Boost)  
  57  5:37  Probe (Chrono Boost)  
  59  5:47  Probe (Chrono Boost)  
  59  5:48  Probe (Chrono Boost)  
  61  5:59  Void Ray  
  65  6:14  Gateway  
  65  6:16  Gateway  
  65  6:19  Gateway, Protoss Ground Armor Level 1  
  65  6:22  Twilight Council  
  65  6:24  Pylon  
  65  6:25  Immortal  
  69  6:31  Probe (Chrono Boost)  
  70  6:42  Probe (Chrono Boost), Void Ray  
  75  6:50  Robotics Bay, Pylon  
  75  6:57  Pylon  
  75  7:07  Zealot  
  77  7:12  Zealot  
  77  7:13  Zealot, Stalker  
  83  7:16  Charge (Chrono Boost)  
  83  7:22  Templar Archives  
  83  7:30  Colossus  
  83  7:40  Zealot  
  83  7:41  Zealot  
  93  7:45  Pylon  
  93  7:48  Pylon  
  93  7:51  Pylon  
  93  7:53  Pylon  
  93  8:07  High Templar x2  
  93  8:08  Zealot x2  
  101  8:19  Archon  
  83  8:47  Zealot x4  
  87  8:49  Immortal  
  87  8:54  Void Ray  
  89  9:26  Colossus  
  89  9:37  Void Ray (Chrono Boost)  
  87  9:40  Zealot  
  87  9:41  Zealot x3  
  95  9:48  Protoss Ground Armor Level 2  
  95  10:03  Pylon  
  95  10:06  High Templar x3  
  100  10:08  Zealot  
  100  10:10  Photon Cannon  
  102  10:20  Observer  
  95  10:24  Archon, Nexus  
  95  10:28  Pylon  
  95  10:32  Assimilator  
  95  10:35  Assimilator  
  95  10:42  High Templar x2  
  99  10:43  Zealot x2  
  99  10:47  Photon Cannon  
  103  10:50  Photon Cannon, Colossus  
  103  10:54  Archon  
  109  10:59  Void Ray (Chrono Boost)  
  113  11:06  Probe  
  113  11:07  Probe  
  115  11:14  High Templar, Zealot  
  119  11:18  Probe  
  119  11:19  Probe  
  119  11:24  Zealot  
  119  11:25  Zealot  
  125  11:27  Archon  
  85  11:54  Zealot x4  
  87  11:57  Void Ray (Chrono Boost)  
  87  11:58  Colossus (Chrono Boost)  
  103  12:17  Protoss Air Weapons Level 1  
  103  12:18  Protoss Ground Weapons Level 2  
  103  12:21  High Templar  
  103  12:22  High Templar, Zealot  
  107  12:23  Zealot  
  107  12:26  Archon  
  81  12:45  Zealot x2  
  81  12:46  Colossus (Chrono Boost)  
  71  13:02  Zealot x2  
  64  13:13  Zealot  
  64  13:14  Zealot  
  65  13:22  Void Ray  
  65  13:23  High Templar x2  
  69  13:32  Colossus (Chrono Boost)  
  79  13:44  Probe  
  79  13:47  Nexus  
  79  13:48  High Templar x2  
  82  13:49  Archon, Pylon  
  82  13:52  Archon  
  82  13:55  Probe, High Templar  
  84  13:56  High Templar  
  84  14:00  Archon  
  89  14:06  Probe  
  90  14:11  Void Ray  
  90  14:19  Colossus (Chrono Boost)  
  90  14:23  Photon Cannon  
  100  14:26  Zealot  
  100  14:27  Stalker  
  104  14:34  Zealot  
  104  14:35  Zealot  
  108  14:46  Photon Cannon  
  108  14:50  Photon Cannon  
  108  14:52  Pylon  
  108  14:54  Assimilator  
  108  14:56  High Templar x2  
  108  14:59  High Templar x2  
  116  15:00  Assimilator  
  116  15:01  Archon  
  116  15:03  Archon  
  80  15:33  High Templar  
  80  15:34  High Templar, Zealot x2  
  88  15:38  Colossus (Chrono Boost)  
  94  15:43  Probe  
  95  15:51  Probe  
  95  15:56  Probe  
  97  15:57  Void Ray, Zealot  
  97  15:58  Zealot  
  97  16:02  Probe  
  106  16:06  Zealot  
  106  16:07  Zealot  
  110  16:16  Archon  
  82  16:51  High Templar x2, Void Ray  
  82  16:52  Nexus, Zealot x2  
  90  16:55  Pylon  
  90  16:56  Colossus (Chrono Boost)  
  90  16:57  Pylon  
  90  16:58  Archon  
  100  17:05  Gateway  
  100  17:07  Gateway  
  100  17:10  Psionic Storm  
  100  17:12  Dark Shrine  
  100  17:14  High Templar  
  102  17:16  Zealot  
  104  17:27  Zealot  
  104  17:28  Zealot  
  102  17:39  Zealot  
  102  17:47  Photon Cannon  
  102  17:51  Photon Cannon  
  102  17:53  Zealot  
  102  17:54  Zealot x2  
  108  18:06  Stalker  
  108  18:12  Photon Cannon, Pylon  
  110  18:20  High Templar x2  
  110  18:21  Zealot x2  
  87  18:36  Zealot x2  
  87  18:37  Void Ray  
  92  18:41  Observer (Chrono Boost)  
  96  18:55  Zealot x2  
  88  18:56  Zealot  
  88  18:57  Zealot  
  88  19:02  Dark Templar  
  96  19:05  Dark Templar  
  60  19:28  Void Ray  
  60  19:30  Zealot x2  
  60  19:31  Zealot x2  
  72  19:46  Photon Cannon  
  72  19:48  Photon Cannon x2  
  53  20:01  Zealot x2  
  53  20:02  Zealot x2  
Tags
 
Add a new tag
Caveats
  • Supply blocks, unpowered buildings, or Contaminate may cause inaccurate times.
  • Supply counts are checked every 10 seconds.